Map: Port Aleksander LE

Players

Throwfordays - Winner!

  • Race: Protoss Protoss
  • League: Silver
  • Spawn Location: 11:00

Wolfee

  • Race: Terran Terran
  • League: Bronze
  • Spawn Location: 5:00

VOD

Have the link to the VOD?

Description

Time

  • Played on: Feb. 10, 2019, 5:05 p.m.
  • Length: 8:05
Show
View Real Time Build Order
Export as new Build Order

Throwfordays Protoss - Winner!

Build Orders: Double Forge 

Get SALT Encoding   

  12  0:00  Probe  
  13  0:12  Probe  
  14  0:22  Pylon  
  14  0:25  Probe  
  15  0:40  Gateway, Probe  
  16  0:46  Assimilator  
  16  0:52  Probe  
  17  1:04  Probe  
  18  1:16  Probe  
  19  1:27  Cybernetics Core  
  19  1:28  Probe  
  20  1:40  Probe  
  20  1:41  Warp Gate  
  21  1:55  Nexus  
  21  2:00  Pylon  
  21  2:03  Assimilator  
  21  2:13  Probe  
  22  2:25  Twilight Council, Probe  
  23  2:36  Forge  
  23  2:37  Probe  
  24  2:45  Gateway  
  24  3:04  Probe  
  24  3:05  Pylon  
  24  3:08  Pylon, Probe  
  26  3:13  Probe  
  27  3:20  Protoss Ground Weapons Level 1, Probe  
  27  3:21  Probe  
  29  3:29  Resonating Glaives  
  29  3:32  Probe  
  30  3:38  Probe  
  31  3:42  Probe  
  32  3:50  Probe x2  
  34  3:59  Assimilator, Probe  
  34  4:02  Assimilator, Probe  
  36  4:08  Adept  
  38  4:10  Pylon  
  38  4:12  Adept  
  38  4:14  Probe  
  41  4:19  Probe  
  41  4:23  Probe  
  42  4:27  Probe  
  42  4:31  Probe  
  43  4:36  Probe  
  45  4:40  Probe  
  45  4:42  Forge  
  47  4:47  Forge  
  47  4:48  Probe  
  47  4:50  Charge  
  48  4:53  Protoss Ground Armor Level 1, Probe  
  48  4:54  Gateway  
  48  4:57  Gateway  
  49  5:00  Probe  
  49  5:01  Protoss Ground Weapons Level 2, Adept  
  49  5:03  Adept  
  49  5:05  Probe  
  49  5:06  Protoss Shields Level 1  
  55  5:33  Gateway  
  55  5:39  Gateway  
  55  5:43  Adept x2  
  55  5:44  Pylon  
  59  5:55  Adept  
  59  5:56  Adept  
  63  6:29  Sentry x2  
  67  6:35  Zealot x3  
  73  6:42  Zealot  
  75  6:53  Zealot  
  77  7:00  Pylon  
  77  7:02  Pylon  
  77  7:05  Pylon  
  77  7:07  Pylon  
  77  7:10  Pylon  
  57  7:46  Stalker x4  
  57  7:47  Stalker x2  
Show
View Real Time Build Order
Export as new Build Order

Wolfee Terran 

Build Orders:  

Get SALT Encoding   

  12  0:02  SCV  
  13  0:17  Supply Depot  
  13  0:18  SCV  
  14  0:28  Refinery  
  14  0:31  SCV  
  15  0:40  Refinery  
  15  0:43  SCV  
  16  0:57  Engineering Bay  
  16  0:58  SCV  
  17  1:10  SCV  
  18  1:22  SCV  
  19  1:31  Barracks  
  19  1:35  SCV  
  19  1:39  Hi-Sec Auto Tracking  
  20  1:47  SCV  
  21  1:53  Supply Depot  
  21  1:59  SCV  
  22  2:11  SCV  
  23  2:23  SCV, Supply Depot  
  23  2:24  Marine  
  25  2:35  Factory  
  25  2:36  Neosteel Armor  
  25  2:39  SCV  
  26  2:49  Missile Turret  
  26  3:02  Planetary Fortress  
  26  3:04  Marine  
  27  3:22  Marine  
  28  3:29  Supply Depot  
  28  3:32  Factory Tech Lab  
  28  3:41  Missile Turret  
  28  3:42  Marine  
  29  3:53  Supply Depot  
  29  4:04  Barracks Tech Lab  
  29  4:06  Siege Tank  
  32  4:14  Missile Turret  
  32  4:16  Terran Infantry Weapons Level 1  
  32  4:24  Missile Turret  
  32  4:28  Combat Shield  
  32  4:37  Missile Turret  
  32  4:48  Armory  
  32  4:50  Marauder  
  34  5:04  Missile Turret  
  34  5:11  Siege Tank  
  37  5:24  Marauder  
  39  5:32  Missile Turret  
  39  5:39  Missile Turret  
  39  5:43  Terran Vehicle Weapons Level 1  
  39  5:59  Missile Turret  
  39  6:10  Terran Infantry Armor Level 1  
  39  6:21  Command Center  
  39  6:45  Siege Tank  
  42  7:00  Missile Turret  
  36  7:24  Missile Turret  
Tags
 
Add a new tag
Caveats
  • Supply blocks, unpowered buildings, or Contaminate may cause inaccurate times.
  • Supply counts are checked every 10 seconds.